 Dungeon Crawl Stone Soup version 0.29.1-15-g9cfb28693d (webtiles) character file.

Game seed: 1205050967056723484

1675 jtron the Slasher (level 8, 0/96 HPs)
             Began as a Demonspawn Monk on Mar 28, 2023.
             Was a Believer of Ashenzari.
             Succumbed to a hornet's poison
             ... on level 7 of the Dungeon.
             The game lasted 00:13:47 (7533 turns).

jtron the Slasher (Demonspawn Monk)                 Turns: 7533, Time: 00:13:48

Health: 0/96       AC:  8    Str: 18      XL:     8   Next: 70%
Magic:  13/13      EV: 17    Int: 10 (11) God:    Ashenzari [**....]
Gold:   328        SH:  0    Dex: 27      Spells: 11/13 levels left

rFire   . . .      SeeInvis +   a - +3 falchion
rCold   . . .      Faith    .   (no shield)
rNeg    . . .      Spirit   .   b - +0 robe
rPois   .          Reflect  .   g - +0 hat
rElec   +          Harm     .   (no cloak)
rCorr   .          Rampage  .   h - +2 pair of gloves "Pragmatism of Ashenzari" {Dex+3, Fort, Melee} (curse)
Will    .....                   m - +0 pair of boots
Stlth   ..........              (no amulet)
HPRegen 0.26/turn               k - ring "Share My Bitterness" {Dex+6, Melee, Cun} (curse)
MPRegen 0.13/turn               i - ring "Cursed Together" {Str+6, Comp, Range} (curse)

@: mighty, berserking, lethally poisoned (0 -> -2), slowed
A: thin metallic scales 1, powered by death 2, powered by pain 1, deterioration
1, electricity resistance
a: Renounce Religion, Shatter the Chains


You were on level 7 of the Dungeon.
You worshipped Ashenzari.
Ashenzari was pleased with you.
You visited 2 branches of the dungeon, and saw 8 of its levels.

You collected 328 gold pieces.

Inventory:

Hand Weapons
 a - a +3 falchion (weapon)
 y - a +2 short sword of freezing
Missiles
 n - a boomerang (quivered)
 p - 63 stones
 u - 7 poisoned darts
Armour
 b - a +0 robe (worn)
 g - a +0 hat (worn)
 h - the cursed +2 pair of gloves "Pragmatism of Ashenzari" (worn) {Dex+3, Fort, Melee}
   (You acquired it on level 2 of the Dungeon)

   It has a curse which improves the following skills: Fortitude: Armour and
   Shields.
   Melee Combat: Short Blades, Long Blades, Axes, Maces & Flails, Polearms,
   Staves and Unarmed Combat.
 m - a +0 pair of boots (worn)
Jewellery
 i - the cursed ring "Cursed Together" (right hand) {Str+6, Comp, Range}
   (You found it on level 2 of the Dungeon)

   [ring of strength]

   Str:       It affects your strength (+6).
   It has a curse which improves the following skills: Companions: Summonings
   and Necromancy.
   Ranged Combat: Ranged Weapons and Throwing.
 j - a ring of see invisible
 k - the cursed ring "Share My Bitterness" (left hand) {Dex+6, Melee, Cun}
   (You took it off a goblin on level 2 of the Dungeon)

   [ring of dexterity]

   Dex:       It affects your dexterity (+6).
   It has a curse which improves the following skills: Melee Combat: Short
   Blades, Long Blades, Axes, Maces & Flails, Polearms, Staves and Unarmed
   Combat.
   Cunning:   Dodging and Stealth.
 t - a +6 ring of dexterity
Wands
 e - a wand of iceblast (12)
 w - a wand of flame (10)
 x - a wand of paralysis (7)
Scrolls
 f - a scroll of blinking
 l - a scroll of silence
 o - a scroll of immolation
 s - a scroll of magic mapping
 v - a scroll of identify
Potions
 c - a potion of ambrosia
 d - a potion of resistance
 q - 3 potions of brilliance
 z - a potion of lignification


   Skills:
 * Level 5.7 Fighting
 + Level 5.7(7.6) Long Blades
 + Level 0.3(0.7) Throwing
 + Level 4.8(6.0) Dodging
 + Level 4.0(5.2) Stealth
 * Level 3.3 Spellcasting
 * Level 3.6 Transmutations
 + Level 0.3 Evocations


You had 11 spell levels left.
You knew the following spells:

 Your Spells              Type           Power      Damage    Failure   Level
a - Wereblood             Tmut           9%         N/A       9%          2

Your spell library contained the following spells:

 Spells                   Type           Power      Damage    Failure   Level
 Beastly Appendage        Tmut           18%        N/A       6%          1
 Passwall                 Tmut/Erth      4%         N/A       19%         2
 Sandblast                Erth           2%         2d4       26%         1
 Spider Form              Tmut/Pois      5%         N/A       36%         3
 Ignite Poison            Fire/Tmut/Pois 4%         N/A       45%         3
 Conjure Flame            Conj/Fire      1%         6-21      63%         3
 Ozocubu's Armour         Ice            1%         N/A       63%         3
 Stone Arrow              Conj/Erth      2%         3d7       63%         3
 Sticky Flame             Conj/Fire      1%         2d3       95%         4
 Ozocubu's Refrigeration  Ice            0%         4d7       100%        7


Dungeon Overview and Level Annotations

Branches:
Dungeon (7/15)             Temple (1/1) D:6

Altars:
Ashenzari
Cheibriados
Kikubaaqudgha
Okawaru
Sif Muna
Trog
Uskayaw
Vehumet
Wu Jian
Xom

Shops:
D:1 *


Innate Abilities, Weirdness & Mutations

You are partially covered in thin metallic scales. (AC +2)
You regenerate health from kills.
You sometimes gain a little power by taking damage.
Your body sometimes deteriorates upon taking damage.
You are resistant to electric shocks. (rElec)


Message History

Okay, then.
You miss the hornet.
You feel very sick. The hornet barely misses you.
The hornet completely misses you.
You slash the hornet!
The hornet is moderately wounded.
You feel yourself speed up.
You feel very sick. The hornet stings you.
You feel yourself slow down. The hornet closely misses you.
You barely miss the hornet. You punch the hornet, but do no damage.
The hornet is moderately wounded.
You feel yourself speed up.
You feel very sick.
The hornet stings you but does no damage.
The hornet misses you.
You slash the hornet!
The hornet is heavily wounded.
You feel sick. The hornet barely misses you.
You hit the hornet.
The hornet is severely wounded.
You feel sick. The hornet stings you!
* * * LOW HITPOINT WARNING * * *
Your body deteriorates!
You feel dopey.
You feel yourself slow down. The hornet stings you!
* * * LOW HITPOINT WARNING * * *
You focus on the pain.
You feel very mighty all of a sudden.
You feel as though you will be slow longer.
A red film seems to cover your vision as you go berserk!
You feel yourself moving faster!
You feel mighty!
* * * LOW HITPOINT WARNING * * *
You feel sick. The hornet barely misses you. The hornet closely misses you.
You hit the hornet.
The hornet is severely wounded.
* * * LOW HITPOINT WARNING * * *
You feel sick. The hornet barely misses you.
You slash the hornet!
The hornet is almost dead.
You die...

* ,, * *,
* * , *
### * #..
, ,*, ,
#.# ## ,
*
####.##.#
#..y@...#
**
#.###<..#
#.....###
, ,
####### *
*


You could see a hornet.

Vanquished Creatures
  3 water moccasins
  2 ice beasts (D:6)
  An orc warrior (D:5)
  An ogre (D:6)
  A phantom (D:6)
  2 bullfrogs (D:6)
  5 wights (D:5)
  A howler monkey (D:6)
  2 jellies
  2 orc priests (D:6)
  2 hounds
  3 orc wizards
  3 iguanas (D:4)
  3 gnolls (D:2)
  7 adders
  A white imp (D:5)
  2 ufetubi
  A worm (D:4)
  7 orcs
  3 ball pythons
  6 endoplasms
  4 giant cockroaches
  10 goblins
  9 hobgoblins
  2 quokkas (D:4)
  8 bats
  A frilled lizard (D:1)
  9 kobolds
  10 rats
111 creatures vanquished.

Notes
Turn   | Place    | Note
-------+----------+-------------------------------------------
     0 | D:1      | jtron the Demonspawn Monk began the quest for the Orb.
     0 | D:1      | Reached XP level 1. HP: 18/18 MP: 1/1
   352 | D:1      | Gained mutation: You are partially covered in thin metallic
                  | scales. (AC +2) [demonic ancestry]
   352 | D:1      | Reached XP level 2. HP: 24/24 MP: 2/2
   377 | D:1      | Found Ysomnem's General Store.
  1237 | D:2      | Reached XP level 3. HP: 15/29 MP: 3/3
  1510 | D:2      | Learned a level 2 spell: Wereblood
  1659 | D:2      | Gained mutation: You occasionally shout uncontrollably at
                  | your foes. [potion of mutation]
  1659 | D:2      | Gained mutation: Your movements are slightly less
                  | encumbered by armour. (ER -2) [potion of mutation]
  1661 | D:2      | Lost mutation: Your movements are slightly less encumbered
                  | by armour. (ER -2) [potion of mutation]
  1661 | D:2      | Lost mutation: You occasionally shout uncontrollably at
                  | your foes. [potion of mutation]
  1661 | D:2      | Gained mutation: Your body sometimes deteriorates upon
                  | taking damage. [potion of mutation]
  1661 | D:2      | Gained mutation: You are resistant to electric shocks.
                  | (rElec) [potion of mutation]
  1871 | D:2      | Reached XP level 4. HP: 37/37 MP: 4/4
  2315 | D:2      | Identified a scroll of acquirement
  2323 | D:2      | Acquired a +2 pair of gloves of dexterity
  2733 | D:3      | Found a faded altar of an unknown god.
  2870 | D:3      | Found an ornate altar of the Wu Jian Council.
  2950 | D:3      | Found a broken altar of Ashenzari.
  3325 | D:3      | Reached skill level 1 in Spellcasting
  3325 | D:3      | Reached skill level 1 in Transmutations
  3325 | D:3      | Reached XP level 5. HP: 23/42 MP: 6/6
  3498 | D:3      | You fall into a shaft and drop 3 floors!
  3523 | D:6      | Noticed a water moccasin
  3618 | D:6      | HP: 1/42 [water moccasin (8)]
  3629 | D:6      | Killed a water moccasin
  4021 | D:6      | Found a staircase to the Ecumenical Temple.
  4031 | Temple   | Entered the Ecumenical Temple
  4220 | D:5      | Entered Level 5 of the Dungeon
  4409 | D:4      | Gained mutation: You sometimes gain a little power by
                  | taking damage. [demonic ancestry]
  4409 | D:4      | Reached XP level 6. HP: 29/48 MP: 8/8
  4952 | D:3      | Became a worshipper of Ashenzari the Shackled
  5103 | D:3      | Reached * piety under Ashenzari
  6276 | D:5      | Reached ** piety under Ashenzari
  6337 | D:5      | Gained mutation: You regenerate a little health from kills.
                  | [demonic ancestry]
  6337 | D:5      | Reached XP level 7. HP: 43/55 MP: 10/10
  6749 | D:5      | Reached skill level 5 in Fighting
  6836 | D:6      | Gained mutation: You regenerate health from kills. [demonic
                  | ancestry]
  6836 | D:6      | Reached XP level 8. HP: 50/62 MP: 11/11
  7111 | D:6      | Reached skill level 5 in Long Blades
  7515 | D:7      | Noticed a hornet
  7524 | D:7      | Paralysed by a hornet for 2 turns
  7530 | D:7      | HP: 2/64 [hornet (12)]
  7533 | D:7      | Succumbed to a hornet's poison

Illustrated notes

Levels and vault maps discovered:
D:1:      sevenhm_arrival_forest_fort_large_4, layout_basic, serial_shops,
          nicolae_shop_stone, minmay_small_reverse_x
D:2:      layout_basic
D:3:      layout_basic, mainiacjoe_overflow_concentric_impassable,
          nzn_wu_jian_council_hall, hellmonk_ecumenical_altar_run_dry,
          kennysheep_decorative_pillar
D:4:      layout_loops_ring, kennysheep_generic_room_13
D:5:      layout_basic
D:6:      layout_cave_pods, minmay_temple_entry_mini_moons
D:7:      layout_basic, nicolae_hepliaklqana_ecumenical_no_more,
          mainiacjoe_overflow_big_doors, nicolae_underground_beach
Temple:   nicolae_temple_bog_church

Skill      XL: |  1  2  3  4  5  6  7  8 |
---------------+-------------------------+-----
Long Blades    | 3 4 5 |  5.7
Stealth        | 2 3 4 |  4.0
Dodging        | 3 4 |  4.8
Fighting       | 4 5 |  5.7
Spellcasting   | 1 2 3 |  3.3
Transmutations | 1 3 |  3.6
Throwing       | |  0.3
Evocations     | |  0.3

Action                   |  1- 3 |  4- 6 |  7- 9 || total
-------------------------+-------+-------+-------++-------
Melee: Falchion          |    99 |   255 |   120 ||   474
       Punch             |       |     3 |     4 ||     7
Throw: Boomerang         |       |     2 |     1 ||     3
       Dart              |       |     1 |       ||     1
Invok: Curse Item        |       |     3 |       ||     3
Evoke: Wand              |       |       |     6 ||     6
  Use: Potion            |     5 |     3 |     1 ||     9
       Scroll            |       |     8 |       ||     8
 Stab: Sleeping          |     8 |    10 |     5 ||    23
Armor: Robe              |    29 |    72 |    22 ||   123
       Skin              |       |    13 |       ||    13
Dodge: Dodged            |    54 |   202 |    93 ||   349
